Selects Panzerjäger Kommand Battlegroup
Construct Light Support Kompanie
Construct Mechanized Kompanie
Construct Panzerarmee Kommand
Selects Defensive Positions
Walking Stuka Rocket Launcher
Panzerjäger Mechanized Group
Walking Stuka Rocket Launcher
Selects Butterfly Bomb Drop
Selects Crew Shock Tactics
Walking Stuka Rocket Launcher
Selects Anti-tank Overwatch
Walking Stuka Rocket Launcher
Walking Stuka Rocket Launcher